 Dungeon Crawl Stone Soup version 0.23.2-33-g5129a83184 (webtiles) character file.

Game seed: 17399295477615297149

8876 Gwenloh the Schismatic (level 11, -3/78 HPs)
             Began as a Demonspawn Abyssal Knight on July 14, 2019.
             Was an Elder of Lugonu.
             Slain by a troll (9 damage)
             ... on level 10 of the Dungeon.
             The game lasted 01:32:07 (17822 turns).

Gwenloh the Schismatic (Demonspawn Abyssal Knight) Turns: 17822, Time: 01:32:08

Health: -3/78      AC: 16    Str: 13    XL:     11   Next: 15%
Magic:  0/18       EV:  9    Int: 13    God:    Lugonu [****..]
Gold:   401        SH:  8    Dex: 16    Spells: 10/10 levels left

rFire    + . .     SeeInvis +   a - +0 flail
rCold    . . .     Gourm    .   C - +2 buckler
rNeg     . . .     Faith    .   u - +1 chain mail {rC+}
rPois    .         Spirit   +   l - +0 helmet
rElec    .         Reflect  .   z - +0 cloak
rCorr    .         Harm     .   (gloves unavailable)
MR       .....                  (no boots)
Stlth    ..........             (no amulet)
HPRegen  0.23/turn              P - ring of fire
MPRegen  0.32/turn              g - ring of see invisible

@: no status effects
A: claws 3, rugged brown scales 2, magic shield, magic regeneration
a: Depart the Abyss, Bend Space, Banish, Corrupt, Renounce Religion


You were on level 10 of the Dungeon.
You worshipped Lugonu.
Lugonu was greatly pleased with you.
You were very hungry.

You visited 1 branch of the dungeon, and saw 12 of its levels.
You visited the Abyss 1 time.
You also visited: Sewer and Bailey.

You collected 401 gold pieces.

Inventory:

Hand Weapons
 a - a +0 flail (weapon)
 b - a +0 hunting sling
 q - a +2 rapier of venom
Missiles
 B - 258 stones
 D - a throwing net
 I - 33 sling bullets
 K - 45 tomahawks of returning (quivered)
Armour
 j - a +0 plate armour
 l - a +0 helmet (worn)
 u - a +1 chain mail of cold resistance (worn)
 y - a +0 pair of gloves
 z - a +0 cloak (worn)
 C - a +2 buckler (worn)
Jewellery
 d - an uncursed ring of flight
 g - a ring of see invisible (right claw)
 o - an uncursed ring of resist corrosion
 r - an uncursed ring of wizardry
 t - a +6 ring of intelligence
 H - an uncursed ring of magical power
 P - a ring of fire (left claw)
Wands
 e - a wand of disintegration (21)
 E - a wand of flame (1)
 N - a wand of paralysis (3)
 O - a wand of polymorph (9)
 Q - a wand of enslavement (21)
 S - a wand of random effects (27)
Scrolls
 i - 2 scrolls of enchant armour
 m - 5 scrolls of teleportation
 w - a scroll of blinking
 F - a scroll of noise
 G - a scroll of immolation {unknown}
 J - 4 scrolls of fear
 L - 4 scrolls of remove curse
 M - a scroll of amnesia
 R - 3 scrolls of identify
Potions
 h - a potion of lignification
 k - 2 potions of curing
 n - a potion of haste
 p - 2 potions of flight
 s - 2 potions of resistance
 v - 5 potions of mutation
 x - a potion of agility
 A - 3 potions of magic
Comestibles
 c - 17 rations


   Skills:
 - Level 3.0 Fighting
 + Level 7.0 Maces & Flails
 + Level 7.1 Armour
 + Level 6.8 Dodging
 + Level 8.2 Shields
 + Level 10.1 Invocations


You had 10 spell levels left.
You didn't know any spells.
Your spell library contained the following spells:

 Spells                   Type           Power        Failure   Level  Hunger
 Cause Fear               Hex            #.........   100%        4    #####..
 Silence                  Hex/Air        #.........   100%        5    ######.
 Yara's Violent Unravell  Hex/Tmut       #.........   100%        5    ######.
 Deflect Missiles         Chrm/Air       #.........   100%        6    #######
 Discord                  Hex            #.........   100%        8    #######


Dungeon Overview and Level Annotations

Branches:
Dungeon (12/15)            Temple (0/1) D:4             Orc (0/2) D:9
   Lair: D:8-11

Altars:
Cheibriados
Fedhas
Hepliaklqana
Okawaru
Qazlal
Sif Muna
Uskayaw
Wu Jian
Xom
The Shining One

Shops:
D:4 ?   D:6 [

Annotations:
D:11 Snorg


Innate Abilities, Weirdness & Mutations

You have claws for hands.
You are mostly covered in rugged brown scales. (AC +2, +5% HP)
When hurt, damage is shared between your health and your magic reserves.
You regenerate magic rapidly.


Message History

You closely miss the troll.
The troll is severely wounded.
You block the troll's attack. x2; The troll closely misses you.
You sock the troll!
The troll is almost dead.
The troll bites you.
* * * LOW HITPOINT WARNING * * *
You block the troll's attack. x2
You barely miss the troll.
The troll is almost dead.
The troll bites you. You block the troll's attack. x2
You hit the troll.
The troll is almost dead.
The troll bites you!
* * * LOW HITPOINT WARNING * * *
You block the troll's attack. The troll claws you but does no damage.
Your chain mail prevents you from hitting the troll.
The troll is almost dead.
The troll bites you!
You die...

.........................## #...#
.................##......# #.#..
..........#####.###.#....# #....
###########.....# #.#....#####.#.
#.<..#.### #.#....##....#.
###......# ##......##....#.
##......######..#....#.......
##.......####....#............
####...........)@T<..............
..............##.#(###...........
)>............##....>#....#......
..............####.#.............
.................#####.(..#......
............####)####.........<..
############# #...#.....##......
###...#...##......
#####...##......


You could see a troll.

Vanquished Creatures
  2 two-headed ogres (D:10)
  An unseen horror (D:12)
  A deep elf mage (D:10)
  Joseph (D:9)
  A centaur skeleton (D:10)
  A hornet (D:9)
  2 hippogriffs
  Sigmund (D:5)
  A spriggan (D:10)
  A human (D:10)
  Eustachio (D:4)
  Menkaure (D:7)
  2 water moccasins
  3 ice beasts
  3 sky beasts
  An orc warrior (D:8)
  A necrophage (D:5)
  3 ogres
  3 phantoms
  5 centaurs
  A big kobold (D:9)
  3 bullfrogs
  6 killer bees
  3 scorpions
  4 wights
  3 howler monkeys
  6 crimson imps
  A centaur zombie (D:10)
  4 hounds
  3 jellies
  A quasit (D:9)
  2 orc priests
  2 bullfrog skeletons
  4 orc wizards
  7 iguanas
  Natasha (twice) (D:2)
  5 worker ants
  A killer bee zombie (D:5)
  A hound zombie (D:7)
  3 hound skeletons
  A worker ant zombie (D:9)
  A howler monkey zombie (D:7)
  12 gnolls
  14 adders
  A river rat (D:3)
  A shadow imp (D:4)
  An ooze (D:7)
  3 adder skeletons
  6 worms
  A dart slug (D:1)
  6 leopard geckos
  22 orcs
  2 ball pythons
  3 bats
  7 giant cockroaches
  10 goblins
  13 hobgoblins
  7 jackals
  26 kobolds
  A quokka (D:10)
  4 frilled lizards
  A leopard gecko skeleton (D:4)
  3 quokka skeletons
  9 rats
252 creatures vanquished.

Vanquished Creatures (others)
  A two-headed ogre (D:8)
  A centaur (D:10)
  2 orc wizards (D:9)
  An adder (D:6)
  A giant cockroach (D:4)
  A kobold (D:10)
7 creatures vanquished.

Grand Total: 259 creatures vanquished

Notes
Turn   | Place    | Note
-------+----------+-------------------------------------------
     0 | Abyss:1  | Gwenloh the Demonspawn Abyssal Knight began the quest for
                  | the Orb.
     0 | Abyss:1  | Reached XP level 1. HP: 18/18 MP: 2/2
    30 | Abyss:1  | Noticed a hellwing
    31 | Abyss:1  | Noticed a large abomination
    35 | D:1      | Escaped the Abyss
   151 | D:1      | Reached skill level 1 in Dodging
   278 | D:1      | Gained mutation: When hurt, damage is shared between your
                  | health and your magic reserves. [demonic ancestry]
   278 | D:1      | Reached XP level 2. HP: 24/24 MP: 3/3
   280 | D:1      | Reached skill level 1 in Shields
   295 | D:1      | Reached * piety under Lugonu
  1073 | D:2      | Gained mutation: You have sharp fingernails. [demonic
                  | ancestry]
  1073 | D:2      | Reached XP level 3. HP: 29/29 MP: 3/5
  1217 | D:2      | Reached skill level 3 in Invocations
  1259 | D:2      | Found a glowing golden altar of the Shining One.
  1944 | D:2      | Gained mutation: You are partially covered in rugged brown
                  | scales. (AC +1, +3% HP) [demonic ancestry]
  1944 | D:2      | Reached XP level 4. HP: 28/36 MP: 6/6
  2081 | D:2      | Noticed Natasha
  2097 | D:2      | Killed Natasha
  2448 | D:3      | Noticed an ice beast
  2980 | D:3      | Found a glowing drain.
  2984 | D:3      | Reached ** piety under Lugonu
  2986 | D:3      | Reached XP level 5. HP: 34/42 MP: 5/7
  3003 | Sewer    | Entered a sewer
  3149 | Sewer    | Noticed Purgy
  3455 | D:3      | Found a snail-covered altar of Cheibriados.
  4197 | D:2      | Noticed Natasha
  4205 | D:2      | Killed Natasha
  4617 | D:4      | Found an iron altar of Okawaru.
  4644 | D:4      | Found Loletos's Magic Scroll Shoppe.
  4674 | D:4      | Noticed Eustachio
  4802 | D:3      | HP: 2/42 [poisoned by Eustachio]
  5120 | D:4      | Killed Eustachio
  5120 | D:4      | Reached skill level 4 in Invocations
  5120 | D:4      | Gained mutation: You regenerate magic rapidly. [demonic
                  | ancestry]
  5120 | D:4      | Reached XP level 6. HP: 28/48 MP: 7/9
  5502 | D:4      | Found a shimmering altar of Xom.
  5520 | D:4      | Reached XP level 7. HP: 53/53 MP: 10/10
  6404 | D:4      | Found a staircase to the Ecumenical Temple.
  6621 | D:5      | Entered Level 5 of the Dungeon
  6626 | D:5      | Noticed Sigmund
  6821 | D:5      | Found a hazy altar of Hepliaklqana.
  6886 | D:5      | Killed Sigmund
  6886 | D:5      | Reached skill level 5 in Invocations
  7395 | D:5      | Gained mutation: You have very sharp fingernails. [demonic
                  | ancestry]
  7395 | D:5      | Reached XP level 8. HP: 55/59 MP: 12/12
  7431 | D:5      | Reached *** piety under Lugonu
  7581 | D:5      | Reached skill level 5 in Shields
  8103 | D:4      | Found a hide-covered altar of Uskayaw.
  8252 | D:6      | Reached skill level 6 in Invocations
  8309 | D:6      | Found Asmaopn's Antique Armour Boutique.
  9317 | D:6      | Found an iron altar of Okawaru.
  9365 | D:6      | Gained mutation: You are mostly covered in rugged brown
                  | scales. (AC +2, +5% HP) [demonic ancestry]
  9365 | D:6      | Reached XP level 9. HP: 59/66 MP: 13/13
  9617 | D:7      | Found a flagged portal.
  9644 | Bailey   | Entered a bailey
 10368 | Bailey   | Noticed an orc knight
 10701 | D:7      | Found an ornate altar of the Wu Jian Council.
 10897 | D:7      | Noticed Menkaure
 10907 | D:7      | Killed Menkaure
 11029 | D:7      | Reached skill level 7 in Invocations
 11305 | D:7      | Reached skill level 5 in Armour
 11557 | D:8      | Noticed a two-headed ogre
 11593 | D:8      | Banished a two-headed ogre
 11593 | D:8      | Reached skill level 5 in Maces & Flails
 11593 | D:8      | Reached skill level 5 in Dodging
 12712 | D:8      | Found a stormy altar of Qazlal.
 12794 | D:8      | Reached skill level 8 in Invocations
 12807 | D:8      | Found a blossoming altar of Fedhas.
 13244 | D:9      | You fall through a shaft for 3 floors!
 13289 | D:11     | Noticed a manticore
 13402 | D:12     | Noticed an unseen horror
 13454 | D:12     | Killed an unseen horror
 13454 | D:12     | Reached XP level 10. HP: 40/73 MP: 14/16
 13655 | D:10     | Entered Level 10 of the Dungeon
 14189 | D:9      | Reached **** piety under Lugonu
 14219 | D:9      | Found a staircase to the Orcish Mines.
 14280 | D:9      | Noticed Joseph
 14322 | D:9      | Killed Joseph
 14773 | D:9      | Reached skill level 9 in Invocations
 15014 | D:9      | Found a deep blue altar of Sif Muna.
 16341 | D:10     | Noticed a two-headed ogre
 16359 | D:10     | Killed a two-headed ogre
 17159 | D:10     | Noticed a deep elf mage
 17207 | D:10     | Killed a deep elf mage
 17207 | D:10     | Gained mutation: You have claws for hands. [demonic
                  | ancestry]
 17207 | D:10     | Reached XP level 11. HP: 66/78 MP: 15/18
 17324 | D:10     | Reached skill level 10 in Invocations
 17517 | D:11     | Noticed Snorg
 17517 | D:11     | Noticed a two-headed ogre
 17534 | D:10     | Killed a two-headed ogre
 17822 | D:10     | Slain by a troll

Skill      XL: |  1  2  3  4  5  6  7  8  9 10 11 |
---------------+----------------------------------+-----
Dodging        | 1 2 3 4 5 6 |  6.8
Shields        | 1 2 3 4 6 7 8 |  8.2
Armour         | 2 3 4 6 7 |  7.1
Maces & Flails | 2 3 4 5 6 7 |  7.0
Invocations    | 3 4 5 6 8 9 10 | 10.1
Fighting       | |  3.0

Action                   |  1- 3 |  4- 6 |  7- 9 | 10-12 || total
-------------------------+-------+-------+-------+-------++-------
Melee: Mace              |   135 |   125 |       |       ||   260
       Flail             |       |   131 |  1025 |   615 ||  1771
       Rapier            |       |       |     5 |       ||     5
 Fire: Hunting sling     |       |     5 |     2 |       ||     7
Throw: Tomahawk          |       |       |    32 |    47 ||    79
Invok: Depart the Abyss  |     1 |       |       |       ||     1
       Bend Space        |       |     2 |     2 |     4 ||     8
       Banish            |       |       |     2 |       ||     2
Evoke: Wand              |     2 |     9 |    32 |     4 ||    47
  Use: Scroll            |     5 |     7 |     7 |     2 ||    21
       Potion            |       |     2 |     9 |     4 ||    15
 Stab: Paralysed         |       |       |     3 |     2 ||     5
  Eat: Chunk             |     2 |    11 |    23 |    11 ||    47
       Ration            |       |     1 |     1 |     1 ||     3
Armor: Ring mail         |    60 |    62 |       |       ||   122
       Skin              |       |    47 |       |       ||    47
       Scale mail        |       |    52 |   141 |       ||   193
       Chain mail        |       |       |   370 |   429 ||   799
Dodge: Dodged            |    59 |   114 |   389 |   263 ||   825
Block: Buckler           |    32 |   101 |   342 |   297 ||   772
